 Dungeon Crawl Stone Soup version 0.17-a0-1533-g2f57bce (webtiles) character file.

53 ololoev the Slasher (level 3, -4/27 HPs)
             Began as a Vampire Warper on July 16, 2015.
             Slain by an adder (5 damage)
             ... on level 2 of the Dungeon.
             The game lasted 00:04:03 (1456 turns).

ololoev the Slasher (Vampire Warper)                Turns: 1456, Time: 00:04:04

Health: -4/27      AC:  3    Str: 14 (16) XL:     3   Next: 62%
Magic:  15/15      EV: 12    Int: 15      God:
Gold:   60         SH:  0    Dex: 13      Spells: 2 memorised, 3 levels left

rFire  . . .     SeeInvis +     a - +0 falchion
rCold  . . .     Clarity  .     b - +0 leather armour
rNeg   . . .     SustAt   .     (no shield)
rPois  .         Gourm    .     (no helmet)
rElec  .         Spirit   .     (no cloak)
rCorr  .         Warding  .     (no gloves)
rMut   .         Stasis   .     (no boots)
MR     +....                    (no amulet)
Stlth  +.........               i - ring of magical power (curse)
                                g - ring of protection from magic

@: mighty, lethally poisoned (-4 -> -6), regenerating quickly, somewhat
resistant to hostile enchantments, very unstealthy
A: fangs 3, see invisible, unbreathing
a: no special abilities


Innate Abilities, Weirdness & Mutations

Your natural rate of healing is unusually fast.
You have razor-sharp teeth.
You have supernaturally acute eyesight.
You can survive without breathing.

Inventory:

Hand weapons
 a - a +0 falchion (weapon)
Missiles
 j - 4 javelins (quivered)
Armour
 b - a +0 leather armour (worn)
Jewellery
 g - a ring of protection from magic (left hand)
 i - a cursed ring of magical power (right hand)
Scrolls
 c - a scroll of magic mapping
 d - 2 scrolls of blinking
 h - a scroll of remove curse
Potions
 f - a potion of cancellation


   Skills:
 - Level 1.7 Fighting
 * Level 3.5 Long Blades
 - Level 0.7 Throwing
 + Level 1.6 Armour
 - Level 2.1 Dodging
 - Level 2.0 Spellcasting
 - Level 2.4 Translocations


You had 3 spell levels left.
You knew the following spells:

 Your Spells              Type           Power        Failure   Level  Hunger
a - Apportation           Tloc           #.........   12%         1    #......
b - Blink                 Tloc           N/A          17%         2    ###....


You were on level 2 of the Dungeon.
You were very full.

You visited 1 branch of the dungeon, and saw 3 of its levels.

You collected 60 gold pieces.

,,,,,........#.#*,,,,,,,,,,,*
#
****,......$...#*.#,*,*,**#.#
# *,#,.....#..##.#,,,,,* #.# #
*,...,......##.#**,*** #.# #
****,,*#.>#.#..##.###.* #.# #
,,,,,,**#..S.SK##.##..* #.# #
****,** ###.##.##.##.#* #.# #
*,* #.##S##.##.######.# # *,*
#...rS@.......)...#####
*,*****####.##.##.######......
*,,,,,* #.##.##.#####.......
*****,* #..............#####
*,***########.########
*,,,,.........#
*****##########

Notes
Turn   | Place    | Note
--------------------------------------------------------------
     0 | D:1      | ololoev the Vampire Warper began the quest for the Orb.
     0 | D:1      | Reached XP level 1. HP: 16/16 MP: 3/3
    25 | D:1      | Reached skill level 1 in Armour
   148 | D:1      | Reached XP level 2. HP: 17/22 MP: 5/5
   152 | D:1      | Learned a level 2 spell: Blink
   634 | D:2      | Reached skill level 3 in Long Blades
   646 | D:2      | Noticed Jessica
   965 | D:2      | Reached XP level 3. HP: 22/27 MP: 6/6
  1456 | D:2      | HP: 1/27 [adder (1)]
  1456 | D:2      | Slain by an adder

Dungeon Overview and Level Annotations

Branches:
Dungeon (3/15)

Altars:

Annotations:
D:2 Jessica


Message History

You miss the adder. The adder bites you.
You are poisoned.
The adder poisons you!
You hit the adder.
The adder is moderately wounded.
You feel sick.
The ball python bites you but does no damage.
The ball python barely misses you.
The quokka bites you but does no damage.
The adder bites you.
You are more poisoned.
The adder poisons you!
The quokka bites you but does no damage.
The ball python closely misses you. The ball python misses you.
You feel sick.
The kobold throws a stone.
The stone hits you but does no damage. The adder bites you.
You see here a stone.
You feel sick.
You feel sick.
You closely miss the adder.
The adder is lightly wounded.
The adder bites you. x2
You miss the adder.
The adder is lightly wounded.
You feel sick. The adder bites you.
You closely miss the adder.
The adder is lightly wounded.
The adder misses you. The adder barely misses you.
Drink which item? (? for menu, Esc to quit)
It was a potion of degeneration.
There was something very wrong with that liquid.
You feel weakened. The adder completely misses you.
Drink which item? (? for menu, Esc to quit)
You feel very mighty all of a sudden.
You feel sick. The adder completely misses you.
You slash the adder!
The adder is severely wounded.
The adder bites you. x2
You die...

You could see an adder, a quokka and a ball python.

Vanquished Creatures
  An adder (D:2)
  An ooze (D:1)
  2 bats
  13 goblins
  5 hobgoblins
  7 jackals (D:2)
  4 kobolds
  A quokka (D:2)
  5 rats
39 creatures vanquished.

Action                   || total
-------------------------++-------
Melee: Falchion          ||   134
Throw: Tomahawk          ||     5
  Use: Scroll            ||     4
       Potion            ||     3
  Eat: Corpse            ||    10

Vault maps used:
D:1:      roderic_octagonal_star
D:2:      kennysheep_goblin_castle, overflow_temple_1_default, uniq_jessica
D:3:      ecumenical_altar_1, nicolae_ru_awakened_eye, uniq_iyjb,
          uniq_crazy_yiuf_cottage
